 Dungeon Crawl Stone Soup version 0.31.0-9-g3a7656b989 (webtiles) character file.

Game seed: 9964566141359077146

77 PaiMei the Grave Robber (level 4, -2/32 HPs)
             Began as a Demonspawn Necromancer on Jan 24, 2024.
             Slain by an orc
             ... wielding a +0 flail
              (8 damage)
             ... on level 4 of the Dungeon.
             The game lasted 00:03:23 (2132 turns).

PaiMei the Grave Robber (Demonspawn Necromancer)    Turns: 2132, Time: 00:03:24

Health: -2/32      AC:  3    Str:  8    XL:     4   Next: 14%
Magic:  0/7        EV: 14    Int: 18    God:
Gold:   73         SH:  0    Dex: 13    Spells: 4/8 levels left

rFire   . . .        p - +0 dagger (vamp)
rCold   . . .        (no shield)
rNeg    . . .        a - +0 robe
rPois   .            (no helmet)
rElec   .            (no cloak)
rCorr   .            m - +0 pair of gloves
SInv    .            (no boots)
Will    .....        (no amulet)
Stlth   +            (no ring)
HPRegen 0.25/turn    (no ring)
MPRegen 0.10/turn

%: no passive effects
@: confused
A: repulsion field 1, powered by death 1
a: no special abilities


You were on level 4 of the Dungeon.
You visited 1 branch of the dungeon, and saw 4 of its levels.

You collected 103 gold pieces.
You spent 30 gold pieces at shops.

Inventory:

Hand Weapons
 c - a +0 club
 h - a +0 hand axe
 p - a +0 vampiric dagger (weapon)
Armour
 a - a +0 robe (worn)
 m - a +0 pair of gloves (worn)
Jewellery
 t - an amulet of magic regeneration
Talismans
 e - a blade talisman
Scrolls
 i - a scroll of identify {unknown}
 j - a scroll of immolation {unknown}
 l - a scroll of vulnerability {unknown}
 o - a scroll of amnesia {unknown}
 q - 3 scrolls of summoning {unknown}
 r - a scroll of teleportation {unknown}
 s - a scroll of fog {unknown}
Potions
 b - a potion of magic
 d - 2 potions of curing
 f - a potion of cancellation {unknown}
 g - a potion of ambrosia {unknown}
 k - a potion of invisibility {unknown}
 n - 2 potions of berserk rage {unknown}
 u - a potion of degeneration {unknown}


   Skills:
 + Level 1.3 Fighting
 + Level 2.5 Dodging
 - Level 2.0 Stealth
 + Level 2.6 Spellcasting
 + Level 4.9 Necromancy


You had 4 spell levels left.
You knew the following spells:

 Your Spells              Type           Power      Damage    Failure   Level
a - Necrotise             Necr           80%        1d8       2%          1
b - Vampiric Draining     Necr           20%        2d7       7%          3

Your spell library contained the following spells:

 Spells                   Type           Power      Damage    Failure   Level
 Animate Dead             Necr           20%        N/A       22%         4
 Static Discharge         Conj/Air       4%         3-4/arc   26%         2
 Frozen Ramparts          Ice            4%         1d1       45%         3
 Airstrike                Air            1%         2d(1-17)  86%         4
 Leda's Liquefaction      Alch/Erth      1%         N/A       86%         4
 Petrify                  Alch/Erth      2%         N/A       86%         4
 Summon Lightning Spire   Summ/Air       2%         N/A       86%         4
 Curse of Agony           Necr           20%        N/A       52%         5
 Metabolic Englaciation   Hex/Ice        1%         N/A       99%         5


Dungeon Overview and Level Annotations

Branches:
Dungeon (4/15)
 Temple: D:4-7

Altars:
Ru

Shops:
D:2 !   D:4 :


Innate Abilities, Weirdness & Mutations

You are surrounded by a mild repulsion field. (EV +2)
You regenerate a little health from kills.


Message History

You don't have enough magic to cast this spell.
Casting: Necrotise (safe; 2% risk of failure)
Confirm with . or Enter, or press ? or * to list all spells.
You don't have enough magic to cast this spell.
You hit the orc wizard but do no damage.
The orc wizard is severely wounded.
The orc wizard closely misses you. The orc closely misses you.
You barely miss the orc wizard.
The orc wizard is severely wounded.
The orc wizard barely misses you. The orc hits you with a +0 flail.
You barely miss the orc wizard.
The orc wizard is severely wounded.
The orc wizard hits you with a +0 dagger.
The orc barely misses you.
Casting: Necrotise (safe; 2% risk of failure)
Confirm with . or Enter, or press ? or * to list all spells.
Aiming: Necrotise (safe; 2% risk of failure)
Press: ? - help, Shift-Dir - straight line, f/p - orc wizard
Aim: an orc wizard, wielding a +0 dagger and wearing a +0 robe (severely wounded, chance to affect: 78%)
The orc wizard writhes in agony.
The orc wizard gestures at you while chanting.
You are confused.
The orc misses you.
The orc wizard hits you with a +0 dagger.
You're too confused to cast spells.
You bump into the rock wall.
The orc wizard hits you but does no damage.
The orc hits you with a +0 flail.
You're too confused to cast spells.
You bump into the rock wall.
The orc wizard closely misses you. The orc barely misses you.
You closely miss the orc wizard.
The orc wizard is almost dead.
The orc wizard casts a spell at you. The magic dart hits you.
The orc hits you with a +0 flail.
* * * LOW HITPOINT WARNING * * *
You're too confused to cast spells.
The orc wizard gestures at you while chanting.
You resist with some effort. The orc hits you with a +0 flail!
You die...

### ###.## #....##### ####
####.....# ##..#
#####.##.## ##.###
########.o##.#...#####...##
.≈≈≈≈≈o.#o.#...#.......#...
≈.....≈.#.@###...#####...##
≈.≈≈≈.≈.#...###.## ##.###
≈≈...≈≈.#...# #.# #.#.#
≈≈._)≈≈.##.## #.# #.#'#
≈≈..o≈≈.##.## #.# #.#..
≈.≈≈≈o≈.##..###.## ##.##.
≈.....≈.##..##...#####...#.
#..#..#.......#...
#..##...#####...#.


You could see an orc wizard and an orc.

Vanquished Creatures
  A ribbon worm (D:4)
  4 orcs (D:4)
  4 bats
  An endoplasm (D:2)
  A giant cockroach (D:1)
  2 hobgoblins (D:2)
  18 jackals
  4 kobolds
  4 quokkas
  8 ball pythons
  3 frilled lizards
  3 goblins
  6 rats
59 creatures vanquished.

Vanquished Creatures (collateral kills)
  An orc (D:4)
  A ball python (D:1)
2 creatures vanquished.

Grand Total: 61 creatures vanquished

Notes
Turn   | Place    | Note
-------+----------+-------------------------------------------
     0 | D:1      | PaiMei the Demonspawn Necromancer began the quest for the
                  | Orb.
     0 | D:1      | Reached XP level 1. HP: 13/13 MP: 3/3
   203 | D:1      | Gained mutation: You regenerate a little health from kills.
                  | [demonic ancestry]
   203 | D:1      | Reached XP level 2. HP: 19/19 MP: 3/5
   849 | D:1      | Reached XP level 3. HP: 18/25 MP: 0/6
   853 | D:1      | Learned a level 3 spell: Vampiric Draining
   990 | D:2      | Found Yffiniar's Distillery.
  1095 | D:2      | Bought a potion of curing for 30 gold pieces
  1194 | D:2      | Found a faded altar of an unknown god.
  1241 | D:2      | Reached skill level 1 in Fighting
  1809 | D:3      | You fall into a shaft and drop 1 floor!
  1810 | D:4      | Found Hujarched's Book Emporium.
  1852 | D:4      | Gained mutation: You are surrounded by a mild repulsion
                  | field. (EV +2) [demonic ancestry]
  1852 | D:4      | Reached XP level 4. HP: 31/32 MP: 0/7
  2103 | D:4      | Found a sacrificial altar of Ru.
  2132 | D:4      | Slain by an orc

Illustrated notes

Levels and vault maps discovered:
D:1:      roderic_octagonal_star, layout_basic
D:2:      layout_rooms, serial_shops, shop, dreamdust_ecumenical_altar_statues
D:3:      minmay_spotlight, layout_rooms, nicolae_tso_carved_into_rock,
          mainiacjoe_overflow_alcove_2, lemuel_coloured_pillars_altar,
          serial_shops, shop, nicolae_figureground_sparkle
D:4:      layout_gridville, mainiacjoe_overflow_paths, kennysheep_mini,
          serial_shops, shop, nicolae_shop_pleasant_corner_grove, shop,
          nicolae_stop_n_shop_1, shop, minmay_misc_feat_tower,
          minmay_misc_feat_plants, grunt_decor_resistance, uniq_menkaure,
          uniq_grinder

Skill      XL: |  1  2  3 |
---------------+----------+-----
Dodging        | 2 |  2.5
Stealth        | 2 |  2.0
Fighting       | 1 |  1.3
Spellcasting   | |  2.6
Necromancy     | |  4.9

Action                     |  1- 3 |  4- 6 || total
---------------------------+-------+-------++-------
  Melee: Club              |     2 |       ||     2
         Hand axe          |    23 |       ||    23
         Dagger            |    21 |    13 ||    34
   Cast: Necrotise         |    77 |    13 ||    90
         Vampiric Draining |       |     1 ||     1
   Stab: Distracted        |     1 |       ||     1
 Armour: Robe              |    60 |    14 ||    74
  Dodge: Dodged            |    94 |    21 ||   115
